 Dungeon Crawl Stone Soup version 0.28-a0-938-gbc3f381ebc (webtiles) character file.

Game seed: 9436482741137078639

42 bande the Skirmisher (level 3, -3/24 HPs)
             Began as a Gargoyle Fighter on Nov 30, 2021.
             Slain by an ogre (9 damage)
             ... on level 3 of the Dungeon.
             The game lasted 00:03:13 (2530 turns).

bande the Skirmisher (Gargoyle Fighter)             Turns: 2530, Time: 00:03:14

Health: -3/24      AC: 10    Str: 20    XL:     3   Next: 56%
Magic:  3/3        EV:  9    Int:  8    God:
Gold:   54         SH:  4    Dex:  9    Spells: 2/2 levels left

rFire   . . .      SeeInvis .   a - +0 war axe
rCold   . . .      Faith    .   c - +0 buckler
rNeg    + . .      Spirit   .   b - +0 scale mail
rPois   ∞          Reflect  .   (no helmet)
rElec   +          Harm     .   (no cloak)
rCorr   +          Rampage  .   (no gloves)
Will    .....                   (no boots)
Stlth   ..........              (no amulet)
HPRegen 0.08/turn               h - ring of resist corrosion
MPRegen 0.08/turn               (no ring)

@: no status effects
A: sickness immunity, AC +3, negative energy resistance 1, electricity
resistance, torment resistance 1, petrification resistance
a: no special abilities


You were on level 3 of the Dungeon.
You visited 1 branch of the dungeon, and saw 3 of its levels.

You collected 54 gold pieces.

Inventory:

Hand Weapons
 a - a +0 war axe (weapon)
Missiles
 g - 2 throwing nets (quivered)
Armour
 b - a +0 scale mail (worn)
 c - a +0 buckler (worn)
Jewellery
 h - a ring of resist corrosion (left hand)
 m - an amulet of guardian spirit
Scrolls
 l - a scroll of fear
Potions
 d - a potion of might
 e - a potion of flight
 f - a potion of haste {unknown}
 i - 2 potions of berserk rage
 j - 2 potions of cancellation {unknown}
 k - a potion of curing


   Skills:
 + Level 3.7 Fighting
 + Level 2.5 Axes
 + Level 3.6 Armour
 + Level 3.5 Shields


You had 2 spell levels left.
You didn't know any spells.
Your spell library contained the following spells:

 Spells                   Type           Power      Damage    Failure   Level
 Pain                     Necr           0%         1d4       78%         1
 Agony                    Necr           0%         N/A       100%        5
 Excruciating Wounds      Necr           0%         N/A       100%        5


Dungeon Overview and Level Annotations

Branches:
Dungeon (3/15)

Altars:
Wu Jian


Innate Abilities, Weirdness & Mutations

You are immune to sickness and miasma.
Your stone body is resilient. (AC +3)
You are immune to poison.
You resist negative energy. (rN+)
You are resistant to electric shocks. (rElec)
You are resistant to unholy torment.
You are immune to petrification.


Message History

You open the door.
A rat comes into view.
You block the rat's attack.
There is an open door here.
You completely miss the rat. The rat bites you but does no damage.
You closely miss the rat. The rat bites you but does no damage.
The rat barely misses you.
You slash the rat!
You kill the rat!
No target in view!
No target in view!
No target in view!
No target in view!
No target in view!
Found a hand axe.
Found a whip.
m - an amulet of guardian spirit No target in view!
An ogre comes into view. It is wielding a +0 giant spiked club.
Found 18 gold pieces, a bubbling ruby potion and a pair of boots.
The ogre shouts!
An ogre is nearby!
You see here a blue potion.
The ogre hits you with a +0 giant spiked club!!
Ouch! That really hurt!
* * * LOW HITPOINT WARNING * * *
You see here 18 gold pieces.
You are too injured to fight recklessly!
You are too injured to fight recklessly!
You are too injured to fight recklessly!
You are too injured to fight recklessly!
You are too injured to fight recklessly!
You are too injured to fight recklessly!
You are too injured to fight recklessly!
You are too injured to fight recklessly!
Unknown command.
You slash the ogre!
The ogre is moderately wounded.
The ogre hits you with a +0 giant spiked club!
You die...

**************** *,,,,#.........#
******,,,,#[........##***********
,,,,,+,,,,+..........,,,,,,,>,,,,
******,,,,#.......).#*,**********
*,,,,#.........##.#
*,,,,#.........##.# ***#****
*,,,,#..!......##.# *,..,,,,
*,,,,#....O@!..##.###.#**,,,
*,,,,########.........***,*,
*,,,,,,,* #.###....,,,,,*<
***,,,,,* #.###.###*******
*,,,,,* #.....# *,,,, ** *,,,,,*
#####.# *,*** ,* ******* #.#
*,,,, ,* ###### #.# *****
,****#######....# ###.#


You could see an ogre.

Vanquished Creatures
  An adder (D:3)
  2 worms (D:2)
  2 dart slugs (D:1)
  A ball python (D:1)
  3 endoplasms
  A giant cockroach (D:1)
  2 hobgoblins
  3 bats
  2 goblins (D:2)
  4 kobolds
  3 rats
  A bush (D:2)
25 creatures vanquished.

Vanquished Creatures (others)
  3 plants (D:2)
3 creatures vanquished.

Grand Total: 28 creatures vanquished

Notes
Turn   | Place    | Note
-------+----------+-------------------------------------------
     0 | D:1      | bande the Gargoyle Fighter began the quest for the Orb.
     0 | D:1      | Reached XP level 1. HP: 14/14 MP: 1/1
     8 | D:2      | Found an ornate altar of the Wu Jian Council.
    19 | D:1      | Found a faded altar of an unknown god.
   444 | D:1      | Reached XP level 2. HP: 19/19 MP: 2/2
  1588 | D:2      | Reached XP level 3. HP: 18/24 MP: 3/3
  2527 | D:3      | Noticed an ogre
  2530 | D:3      | Slain by an ogre

Illustrated notes

Levels and vault maps discovered:
D:1:      dpeg_arrival_stonehenge_12_columns, layout_basic,
          basic_ecumenical_altar
D:2:      layout_rooms, serial_forest, infiniplex_forest_clump_long,
          infiniplex_forest_end_1, infiniplex_forest_diagonal,
          infiniplex_forest_clump_long, infiniplex_forest_lined_1,
          infiniplex_forest_clump_C, basic_altar,
          hangedman_decor_clover_reticule
D:3:      layout_basic

Skill      XL: |  1 |
---------------+----+-----
Axes           | 2 |  2.5
Fighting       | |  3.7
Armour         | |  3.6
Shields        | |  3.5

Action                   || total
-------------------------++-------
Melee: War axe           ||   148
  Use: Scroll            ||     7
Armor: Scale mail        ||    61
Dodge: Dodged            ||    53
Block: Buckler           ||    25

Table legend: (Time is in decaauts)
 A = Elapsed time spent in this place.
 B = Non-inter-level travel time spent in this place.
 C = Inter-level travel time spent in this place.
 D = Time resting spent in this place.
 E = Time spent auto-exploring this place.
 F = Levels seen in this place.
 G = Mean time per level.
                   A        B        C        D        E       F      G
               +--------+--------+--------+--------+--------+-----+--------+
         Total |   2589 |   2506 |     83 |     36 |   1973 |   3 |  863.0 |
       Dungeon |   2589 |   2506 |     83 |     36 |   1973 |   3 |  863.0 |
               +--------+--------+--------+--------+--------+-----+--------+

Top non-repeatable levels by time:
     D:1: 1253 daAuts
     D:2: 960 daAuts
     D:3: 375 daAuts
